details: 'hu straight teching failure'

« prev index next »

General information

Mini Map

Players

team 1
Human7.46 (orange | 66 APM | 527 actions | 08:01)
Hero icon 4 Archmage
Ability icon 2 Blizzard
Ability icon 2 Brilliance Aura

» actions
Assign group hotkey32
Basic commands31
Build / train42
Enter build submenu15
Enter hero's abilities submenu4
Right click226
Select / deselect108
Select group hotkey22
Use ability47
527 total
» units
Peasant23
23 total
» buildings
Altar of Kings1
Farm3
Arcane Vault1
Scout Tower7
Lumber Mill1
Arcane Tower4
Town Hall1
Keep1
Blacksmith1
20 total
» build order
00:05 Altar of Kings
00:26 Farm
00:31 Farm
00:41 Arcane Vault
01:22 Scout Tower
01:37 Lumber Mill
02:09 Arcane Tower
03:38 Scout Tower
04:19 Town Hall
04:22 Scout Tower
04:23 Scout Tower
04:32 Arcane Tower
04:48 Farm
05:24 Arcane Tower
05:36 Scout Tower
05:37 Scout Tower
05:38 Scout Tower
06:51 Keep
07:29 Arcane Tower
07:35 Blacksmith
» items
Mechanical Critter2
Lesser Clarity Potion3
Scroll of Regeneration2
Boots of Speed1
Staff of Teleportation1
9 total
team 2
Humanflorio131 (green | 48 APM | 380 actions | 07:58)
Hero icon 2 Archmage
Ability icon 1 Blizzard
Ability icon 1 Brilliance Aura

» actions
Build / train21
Enter build submenu8
Enter hero's abilities submenu2
Give item / drop item1
Right click203
Select / deselect116
Use ability29
380 total
» units
Peasant9
9 total
» buildings
Altar of Kings1
Farm2
Keep1
Scout Tower1
Lumber Mill1
Guard Tower3
Arcane Vault1
Castle1
11 total
» build order
00:03 Altar of Kings
00:34 Farm
01:48 Keep
02:02 Scout Tower
02:06 Lumber Mill
02:37 Guard Tower
03:37 Arcane Vault
04:41 Farm
05:01 Guard Tower
05:12 Guard Tower
06:00 Castle
» items
Ivory Tower2
2 total

Chat log


(07:52 / All) 7.46: LOL